 Dungeon Crawl Stone Soup version 0.29-a0-88-g03a7b78be7 (webtiles) character file.

Game seed: 15335419064185647146

23 Rykito the Vexing (level 2, 0/16 HPs)
             Began as a Deep Elf Arcane Marksman on Feb 6, 2022.
             Succumbed to an adder's poison
             ... on level 2 of the Dungeon.
             The game lasted 00:07:38 (774 turns).

Rykito the Vexing (Deep Elf Arcane Marksman)         Turns: 774, Time: 00:07:39

Health: 0/16       AC:  2    Str:  7    XL:     2   Next: 75%
Magic:  6/6        EV: 12    Int: 17    God:
Gold:   15         SH:  0    Dex: 15    Spells: 3/4 levels left

rFire   . . .      SeeInvis .   e - +1 whip (flame)
rCold   . . .      Faith    .   (no shield)
rNeg    . . .      Spirit   .   d - +0 robe
rPois   .          Reflect  .   (no helmet)
rElec   .          Harm     .   (no cloak)
rCorr   .          Rampage  .   (no gloves)
Will    .....                   (no boots)
Stlth   +.........              (no amulet)
HPRegen 0.05/turn               (no ring)
MPRegen 0.10/turn               (no ring)

@: lethally poisoned (0 -> 0)
A: no striking features
a: no special abilities


You were on level 2 of the Dungeon.
You visited 1 branch of the dungeon, and saw 2 of its levels.

You collected 15 gold pieces.

Inventory:

Hand Weapons
 a - a +0 shortbow
 e - a +1 whip of flaming (weapon)
Missiles
 c - 13 arrows
 f - 61 stones
Armour
 d - a +0 robe (worn)
Scrolls
 g - a scroll of blinking {unknown}
Potions
 b - a potion of lignification {unknown}


   Skills:
 + Level 0.8 Fighting
 + Level 3.6 Bows
 + Level 0.1 Armour
 + Level 2.6 Dodging
 + Level 1.6 Spellcasting
 + Level 4.4 Hexes


You had 3 spell levels left.
You knew the following spells:

 Your Spells              Type           Power      Damage    Failure   Level
a - Slow                  Hex            64%        N/A       3%          1

Your spell library contained the following spells:

 Spells                   Type           Power      Damage    Failure   Level
 Inner Flame              Hex/Fire       9%         N/A       24%         3
 Portal Projectile        Hex/Tloc       18%        N/A       24%         3
 Frozen Ramparts          Ice            2%         1d2       52%         3
 Cause Fear               Hex            8%         N/A       32%         4
 Ice Form                 Ice/Tmut       1%         N/A       90%         4
 Summon Ice Beast         Ice/Summ       1%         N/A       90%         4
 Dragon Form              Tmut           0%         N/A       100%        7
 Dragon's Call            Summ           0%         N/A       100%        9


Dungeon Overview and Level Annotations

Branches:
Dungeon (2/15)

Altars:


Message History

The adder is lightly wounded.
You shoot an arrow. The arrow barely misses the adder.
You shoot an arrow. The arrow hits the adder.
The adder is heavily wounded.
Your +1 whip of flaming bursts into flame!
e - a +1 whip of flaming (weapon)
The adder closely misses you.
You miss the adder.
The adder is heavily wounded.
The adder bites you.
You hit the adder. You burn the adder. Your punch misses the adder.
The adder is almost dead.
The adder barely misses you. The adder bites you.
You miss the adder.
The adder is almost dead.
The adder bites you.
You are poisoned.
The adder poisons you!
You miss the adder.
The adder is almost dead.
* * * LOW HITPOINT WARNING * * *
You feel sick. The adder misses you.
You closely miss the adder.
The adder is almost dead.
You feel sick. The adder bites you.
* * * LOW HITPOINT WARNING * * *
The adder misses you.
You hit the adder. You burn the adder.
You kill the adder!
* * * LOW HITPOINT WARNING * * *
You feel sick.
There is a lethal amount of poison in your body!
There is a lethal amount of poison in your body!
There is a lethal amount of poison in your body!
There is a lethal amount of poison in your body!
There is a lethal amount of poison in your body!
There is a lethal amount of poison in your body!
There is a lethal amount of poison in your body!
Found a dagger.
You die...

.......
.......###
.........#
....)...(#
.........#
.........#
.......(.#
.......@.#
.=.....<.#
.......#.#
#####.# .#
#. .# .)
.# ## .#
.# ##


There were no monsters in sight!

Vanquished Creatures
  An adder (D:2)
  4 goblins (D:1)
  3 hobgoblins (D:1)
  2 bats (D:1)
  2 kobolds (D:1)
12 creatures vanquished.

Notes
Turn   | Place    | Note
-------+----------+-------------------------------------------
     0 | D:1      | Rykito the Deep Elf Arcane Marksman began the quest for the
                  | Orb.
     0 | D:1      | Reached XP level 1. HP: 11/11 MP: 5/5
   197 | D:1      | Reached XP level 2. HP: 13/16 MP: 6/6
   774 | D:2      | Succumbed to an adder's poison

Illustrated notes

Levels and vault maps discovered:
D:1:      dpeg_chamrin_arrival_tetris, layout_loops_ring
D:2:      layout_basic, serial_shops, shop, dk_vineyard_2,
          hangedman_decor_riveting

Skill      XL: |  1 |
---------------+----+-----
Bows           | 3 |  3.6
Fighting       | |  0.8
Armour         | |  0.1
Dodging        | |  2.6
Spellcasting   | |  1.6
Hexes          | |  4.4

Action                   || total
-------------------------++-------
Melee: Whip              ||    12
 Fire: Shortbow          ||    31
Armor: Robe              ||     7
Dodge: Dodged            ||    11

Table legend: (Time is in decaauts)
 A = Elapsed time spent in this place.
 B = Non-inter-level travel time spent in this place.
 C = Inter-level travel time spent in this place.
 D = Time resting spent in this place.
 E = Time spent auto-exploring this place.
 F = Levels seen in this place.
 G = Mean time per level.
                   A        B        C        D        E       F      G
               +--------+--------+--------+--------+--------+-----+--------+
         Total |    776 |    776 |      0 |    245 |     63 |   2 |  388.0 |
       Dungeon |    776 |    776 |      0 |    245 |     63 |   2 |  388.0 |
               +--------+--------+--------+--------+--------+-----+--------+

Top non-repeatable levels by time:
     D:1: 765 daAuts
     D:2: 11 daAuts
